[ AOE2 MATCH · #494201458 ]
UnrankedBulgarians vs Koreans
Player's team · WIN
Rival team · LOSS
[ REPLAY ANALYSIS · EXTRACTED FROM THE RECORDED GAME ]
Feudal
10:51
Castle
14:36
Imperial
—
| APM avg | 30.8 |
| APM peak | 66 |
| eAPM avg | 12.3 |
| Villagers / military | 26 / 18 |
Focus
⚔️ 17.2% · 🌾 82.8%
Konnik ×14 · Monk ×2 · Battering Ram ×2
Feudal
9:47
Castle
—
Imperial
—
| APM avg | 19.5 |
| APM peak | 33 |
| eAPM avg | 12.5 |
| Villagers / military | 41 / 22 |
Focus
⚔️ 25.7% · 🌾 74.3%
Archer ×12 · Spearman ×10
Match map
Initial resources + every placement click. Lines = walls · curves = elevation contours. ◆ gold · ⬟ stone · ● berries · ✦ relic · ◌ wall gap
Your base· Open — unwalled flank
Disagri's base· Open — unwalled flank
Smoothed initial terrain · ◌ = detected wall gap · hover for details
Inputs per minute
— Fs.Corisco^Hs - - Disagri
Build order — Fs.Corisco^Hs
84 actions detected in the replay
| 0:02 | Create | Villager (Male) |
| 0:02 | Create | Villager (Male) |
| 0:03 | Build | House |
| 0:04 | Build | House |
| 0:17 | Create | Villager (Male) |
| 0:17 | Create | Villager (Male) |
| 1:29 | Create | Villager (Male) |
| 1:47 | Build | Lumber Camp |
| 2:14 | Create | Villager (Male) |
| 2:14 | Create | Villager (Male) |
| 2:45 | Create | Villager (Male) |
| 3:03 | Create | Villager (Male) |
| 4:05 | Create | Villager (Male) |
| 4:05 | Create | Villager (Male) |
| 4:07 | Build | House |
| 4:09 | Build | House |
| 4:39 | Build | Mill |
| 4:47 | Create | Villager (Male) |
| 4:48 | Create | Villager (Male) |
| 5:22 | Create | Villager (Male) |
| 5:22 | Create | Villager (Male) |
| 6:00 | Create | Villager (Male) |
| 6:17 | Create | Villager (Male) |
| 6:23 | Build | Mill |
| 6:43 | Create | Villager (Male) |
| 7:11 | Create | Villager (Male) |
| 7:12 | Research | Loom |
| 7:36 | Build | Mining Camp |
| 8:18 | Build | Palisade Wall |
| 8:41 | Research | Feudal Age |
| 8:55 | Build | Palisade Wall |
| 8:57 | Build | Palisade Wall |
| 8:59 | Build | Palisade Wall |
| 9:00 | Build | Palisade Wall |
| 9:01 | Build | Palisade Wall |
| 10:17 | Create | Villager (Male) |
| 10:51 | Age | Feudal Age |
| 10:55 | Build | Market |
| 10:58 | Build | Blacksmith |
| 11:56 | Research | Castle Age |
| 12:04 | Build | House |
| 12:23 | Build | Farm |
| 12:35 | Build | Palisade Wall |
| 12:43 | Build | Farm |
| 13:04 | Create | Villager (Male) |
| 13:09 | Build | Farm |
| 13:19 | Build | House |
| 13:27 | Build | Farm |
| 13:50 | Build | Farm |
| 14:25 | Build | Farm |
| 14:27 | Create | Villager (Male) |
| 14:36 | Age | Castle Age |
| 14:40 | Build | Krepost |
| 14:50 | Build | Mining Camp |
| 15:03 | Build | Farm |
| 15:29 | Create | Villager (Male) |
| 15:47 | Create | Konnik |
| 16:13 | Create | Konnik |
| 16:20 | Build | Farm |
| 16:26 | Create | Konnik |
| 16:35 | Create | Villager (Male) |
| 16:52 | Create | Konnik |
| 17:06 | Build | Farm |
| 17:09 | Build | Farm |
| 17:17 | Create | Konnik |
| 17:23 | Create | Villager (Male) |
| 17:39 | Research | Scale Barding Armor |
| 18:12 | Create | Konnik |
| 18:36 | Create | Konnik |
| 19:29 | Build | Siege Workshop |
| 19:37 | Build | Monastery |
| 19:47 | Create | Konnik ×2 |
| 20:17 | Research | Forging |
| 20:29 | Create | Battering Ram |
| 20:40 | Create | Monk |
| 20:44 | Create | Monk |
| 20:49 | Create | Konnik |
| 21:28 | Create | Battering Ram |
| 21:37 | Create | Villager (Male) |
| 21:52 | Create | Konnik |
| 22:12 | Build | Farm |
| 22:56 | Create | Konnik |
| 22:56 | Create | Konnik |
| 23:31 | Create | Konnik |
Build order — Disagri
115 actions detected in the replay
| 0:01 | Create | Villager (Male) |
| 0:01 | Create | Villager (Male) |
| 0:02 | Build | House |
| 0:04 | Build | House |
| 0:17 | Create | Villager (Male) |
| 0:17 | Create | Villager (Male) |
| 0:17 | Create | Villager (Male) |
| 1:32 | Create | Villager (Male) |
| 1:57 | Create | Villager (Male) |
| 2:21 | Create | Villager (Male) |
| 2:21 | Create | Villager (Male) |
| 2:53 | Create | Villager (Male) |
| 2:54 | Create | Villager (Male) |
| 3:22 | Create | Villager (Male) |
| 3:22 | Create | Villager (Male) |
| 3:42 | Build | Mill |
| 3:51 | Create | Villager (Male) |
| 3:52 | Create | Villager (Male) |
| 3:56 | Build | House |
| 4:23 | Create | Villager (Male) |
| 4:54 | Create | Villager (Male) |
| 4:54 | Create | Villager (Male) |
| 5:31 | Create | Villager (Male) |
| 5:48 | Create | Villager (Male) |
| 5:58 | Build | House |
| 6:18 | Build | Lumber Camp |
| 6:35 | Create | Villager (Male) |
| 6:49 | Create | Villager (Male) |
| 7:36 | Research | Feudal Age |
| 7:45 | Build | Mining Camp |
| 8:15 | Build | House |
| 9:03 | Build | House |
| 9:36 | Build | Mining Camp |
| 9:47 | Age | Feudal Age |
| 9:58 | Build | Barracks |
| 10:01 | Create | Villager (Male) |
| 10:02 | Create | Villager (Male) |
| 10:29 | Build | Blacksmith |
| 10:50 | Create | Spearman |
| 10:54 | Create | Villager (Male) |
| 10:55 | Create | Villager (Male) |
| 11:09 | Create | Spearman |
| 11:14 | Build | Farm |
| 11:15 | Build | Farm |
| 11:45 | Create | Villager (Male) |
| 11:49 | Build | Farm |
| 11:50 | Build | Farm |
| 11:54 | Build | Farm |
| 12:41 | Build | Watch Tower |
| 12:52 | Create | Spearman |
| 13:03 | Research | Fletching |
| 13:15 | Build | Farm |
| 13:15 | Build | Farm |
| 13:16 | Build | Farm |
| 13:23 | Build | Farm |
| 13:44 | Create | Villager (Male) |
| 13:44 | Create | Villager (Male) |
| 13:45 | Create | Villager (Male) |
| 14:07 | Build | Watch Tower |
| 14:28 | Build | Archery Range |
| 14:38 | Research | Double-Bit Axe |
| 14:45 | Create | Villager (Male) |
| 14:45 | Create | Villager (Male) |
| 14:45 | Create | Villager (Male) |
| 14:48 | Build | Farm |
| 14:48 | Build | Farm |
| 14:49 | Build | Farm |
| 15:20 | Build | House |
| 15:27 | Build | Lumber Camp |
| 15:29 | Create | Villager (Male) |
| 15:29 | Create | Villager (Male) |
| 15:29 | Create | Villager (Male) |
| 15:42 | Create | Archer |
| 15:43 | Create | Archer |
| 15:43 | Create | Archer |
| 16:18 | Build | Farm |
| 16:18 | Build | Farm |
| 16:19 | Build | Farm |
| 16:34 | Build | House |
| 16:53 | Create | Spearman |
| 16:53 | Create | Spearman |
| 16:53 | Create | Spearman |
| 17:02 | Create | Villager (Male) |
| 17:03 | Create | Villager (Male) |
| 17:22 | Build | Watch Tower |
| 17:31 | Research | Forging |
| 17:35 | Create | Villager (Male) |
| 17:45 | Create | Archer |
| 17:46 | Create | Archer |
| 17:58 | Build | House |
| 18:12 | Build | Farm |
| 18:12 | Build | Farm |
| 18:13 | Build | Farm |
| 18:15 | Create | Spearman |
| 18:16 | Create | Spearman |
| 18:20 | Research | Scale Mail Armor |
| 19:05 | Build | House |
| 19:36 | Create | Archer |
| 19:37 | Create | Archer |
| 19:37 | Create | Archer |
| 20:02 | Create | Spearman |
| 20:02 | Create | Spearman |
| 20:06 | Create | Villager (Male) |
| 20:06 | Create | Villager (Male) |
| 20:15 | Build | Farm |
| 20:15 | Build | Farm |
| 20:24 | Build | Archery Range |
| 21:01 | Build | Farm |
| 21:31 | Create | Archer |
| 21:32 | Create | Archer |
| 21:44 | Research | Castle Age |
| 21:44 | Research | Castle Age |
| 22:06 | Create | Archer |
| 22:06 | Create | Archer |
| 23:28 | Build | House |
Match timeline
| 8:18 | Fs.Corisco^Hs · wall_segment Palisade Wall x1 |
| 8:55 | Fs.Corisco^Hs · wall_segment Palisade Wall x1 |
| 8:57 | Fs.Corisco^Hs · wall_segment Palisade Wall x1 |
| 8:59 | Fs.Corisco^Hs · wall_segment Palisade Wall x1 |
| 9:00 | Fs.Corisco^Hs · wall_segment Palisade Wall x1 |
| 9:01 | Fs.Corisco^Hs · wall_segment Palisade Wall x1 |
| 9:47 | Disagri · age_up feudal |
| 9:58 | Disagri · first_building Barracks |
| 10:51 | Fs.Corisco^Hs · age_up feudal |
| 11:48 | Fs.Corisco^Hs · first_market_sell 100 stone |
| 12:35 | Fs.Corisco^Hs · wall_segment Palisade Wall x4 |
| 14:28 | Disagri · first_building Archery Range |
| 14:36 | Fs.Corisco^Hs · age_up castle |
| 14:40 | Fs.Corisco^Hs · first_building Krepost |
| 19:29 | Fs.Corisco^Hs · first_building Siege Workshop |
| 19:37 | Fs.Corisco^Hs · first_building Monastery |
| 23:40 | Disagri · resign |
[ AI ANALYSIS · 1 CREDIT ]
What really happened in this match?
Wolo.gg analyzes every decision: build order, eco, micro, common mistakes by bracket. Personalized analysis on WhatsApp or Discord in 30 seconds.
Civ guide
Bulgarians
Perfil
Fs.Corisco^Hs